[Event "Early-Titled-Tuesday-Blitz-October-10-2023"]
[Site "Chess.com"]
[Date "2023.10.10"]
[Round "4"]
[White "viktorskliarov"]
[Black "THE_PLAYER6"]
[Result "1-0"]
[WhiteElo "2650"]
[BlackElo "2429"]
[TimeControl "180+1"]
[EndTime "8:35:08 PDT"]
[Termination "viktorskliarov won by resignation"]

1. e4 c5 2. Nf3 d6 3. d4 cxd4 4. Qxd4 Nf6 5. Nc3 Nc6 6. Bb5 Bd7 7. Bxc6 Bxc6 8. Bg5 e6 9. O-O-O Be7 10. Rhe1 O-O 11. Kb1 Rc8 12. Qxa7 b5 13. a3 h6 14. Bxf6 gxf6 15.
Qe3 Kg7 16. Nd4 Qa5 17. Nd5 Bd8 18. Nb4 Bd7 19. Qg3+ Kh7 20. Qxd6 1-0

[Event "Early-Titled-Tuesday-Blitz-October-10-2023"]
[Site "Chess.com"]
[Date "2023.10.10"]
[Round "4"]
[White "ivana_999"]
[Black "inagreV"]
[Result "0-1"]
[WhiteElo "2046"]
[BlackElo "2271"]
[TimeControl "180+1"]
[EndTime "8:35:13 PDT"]
[Termination "inagreV won by resignation"]

1. d4 Nf6 2. c4 g6 3. Nc3 Bg7 4. e4 d6 5. f4 O-O 6. Nf3 c5 7. d5 b5 8. cxb5 a6 9. bxa6 Qa5 10. Bd2 Bxa6 11. Bxa6 Qxa6 12. Qe2 Nfd7 13. Qxa6 Nxa6 14.
O-O Rfb8 15. b3 Nb4 16. a3 Nd3 17. Rfb1 Nxf4 18. Bxf4 Bxc3 19. Ra2 c4 20. b4 Rxb4 21. axb4 Rxa2 22. b5 Ba5 23. Be3 Re2 24. Bf2 c3 25. b6 c2 26. Rc1 Bxb6 27. Bxb6 Nxb6 28. Kf1 Rxe4 29. Rxc2 Nxd5 30. Rc8+ Kg7 31. Rc2 Ne3+ 0-1

[Event "Early-Titled-Tuesday-Blitz-October-10-2023"]
[Site "Chess.com"]
[Date "2023.10.10"]
[Round "4"]
[White "GaiozNigalidze"]
[Black "Shivananda1964"]
[Result "1-0"]
[WhiteElo "2704"]
[BlackElo "2414"]
[TimeControl "180+1"]
[EndTime "8:35:14 PDT"]
[Termination "GaiozNigalidze won on time"]

1. d4 Nf6 2. c4 Nc6 3. d5 Ne5 4. e3 e6 5. Nc3 Bb4 6. Qb3 Qe7 7. Bd2 a5 8. a3 Bc5 9. Nf3 Nxf3+ 10.
gxf3 O-O 11. Bd3 c6 12. O-O-O a4 13. Nxa4 cxd5 14. cxd5 Nxd5 15. Nxc5 Qxc5+ 16. Kb1 Qb6 17. Bc2 Qc7 18. Rhg1 d6 19. Rc1 Qe7 20. Qd3 1-0

[Event "Early-Titled-Tuesday-Blitz-October-10-2023"]
[Site "Chess.com"]
[Date "2023.10.10"]
[Round "4"]
[White "Tssunami"]
[Black "NovoselovRoman"]
[Result "0-1"]
[WhiteElo "2396"]
[BlackElo "2616"]
[TimeControl "180+1"]
[EndTime "8:35:23 PDT"]
[Termination "NovoselovRoman won by resignation"]

1. e4 d5 2. exd5 Qxd5 3. Nc3 Qd6 4. Nf3 Nf6 5. d4 c6 6. h3 Bf5 7. g4 Bg6 8. Ne5 e6 9. Bf4 Qd8 10. h4 Bb4 11. h5 Be4 12. Rh3 Nbd7 13. f3 Bd5 14. g5 Ng8 15. a3 Ba5 16. b4 Bc7 17. g6 Nxe5 18. Bxe5 hxg6 19. hxg6 Rxh3 20. gxf7+ Kxf7 21.
Bxh3 Bxe5 22. dxe5 Qh4+ 23. Kd2 Qxh3 24. Qg1 Qh6+ 25. Ke1 Ne7 26. Rd1 Rh8 0-1

[Event "Early-Titled-Tuesday-Blitz-October-10-2023"]
[Site "Chess.com"]
[Date "2023.10.10"]
[Round "4"]
[White "Virgo15"]
[Black "Chessdreamer2020"]
[Result "1-0"]
[WhiteElo "2745"]
[BlackElo "2542"]
[TimeControl "180+1"]
[EndTime "8:35:24 PDT"]
[Termination "Virgo15 won by resignation"]

1. d4 d6 2. e4 Nf6 3. Nc3 c6 4. f4 d5 5. e5 Ng8 6. Bd3 g6 7. h4 h5 8. f5 Bxf5 9. Bxf5 gxf5 10. Nh3 e6 11. Bg5 Be7 12. Qd2 Nd7 13. O-O-O Qa5 14. Nf4 Bb4 15. Rh3 Nb6 16. b3 Rc8 17. Qd3 a6 18. a4 c5 19. Nfxd5 Nxd5 20. Nxd5 exd5 21. Qxf5 Rc6 22. e6 Rxe6 23. Re3 Ba3+ 24. Kb1 Rxe3 25.
Qc8+ 1-0

[Event "Early-Titled-Tuesday-Blitz-October-10-2023"]
[Site "Chess.com"]
[Date "2023.10.10"]
[Round "4"]
[White "LuisFSiles"]
[Black "vishwa_vijeta"]
[Result "0-1"]
[WhiteElo "2323"]
[BlackElo "2555"]
[TimeControl "180+1"]
[EndTime "8:35:28 PDT"]
[Termination "vishwa_vijeta won by resignation"]

1. e4 c5 2. Nf3 d6 3. d4 cxd4 4. Nxd4 Nf6 5. Nc3 g6 6. Be3 Bg7 7.
f3 O-O 8. Qd2 Nc6 9. O-O-O d5 10. Kb1 Nxd4 11. e5 Nf5 12. exf6 exf6 13. Bc5 d4 14. Bxf8 Qxf8 15. Nb5 Ne3 16. Re1 f5 17.
Nxd4 f4 18. Bb5 Qc5 19. c3 Bxd4 20. Qxd4 Bf5+ 21. Bd3 Qxd4 22. cxd4 Bxd3+ 23. Kc1 Rc8+ 24. Kd2 Ba6 25. Rc1 Rd8 26. Kc3 Nxg2 27. h4 Ne3 28. h5 Kg7 29. h6+ Kf6 30. Rh4 g5 31. Rh5 Nf5 32.
Rg1 Ng3 33. Rh2 Ne2+ 34. Rxe2 Bxe2 0-1

[Event "Early-Titled-Tuesday-Blitz-October-10-2023"]
[Site "Chess.com"]
[Date "2023.10.10"]
[Round "4"]
[White "m_ezat"]
[Black "microbear"]
[Result "1-0"]
[WhiteElo "2476"]
[BlackElo "2234"]
[TimeControl "180+1"]
[EndTime "8:35:36 PDT"]
[Termination "m_ezat won by resignation"]

1. e4 c5 2. d4 cxd4 3. c3 dxc3 4. Nxc3 Nc6 5. Nf3 e6 6. Bc4 Nge7 7. O-O Qc7 8. Qe2 Ng6 9. Rd1 a6 10. g3 Be7 11. h4 O-O 12. h5 Nge5 13. Bb3 Nxf3+ 14.
Qxf3 d6 15. Be3 Bd7 16. Rac1 Qa5 17. h6 g6 18. Qe2 Rac8 19. Na4 Qb5 20. Qxb5 axb5 21.
Nb6 Rc7 22. e5 d5 23. Bxd5 exd5 24. Nxd5 Rfc8 25. Nxc7 Rxc7 26. Bb6 Rc8 27. Rxd7 Bg5 28. Rc2 Bxh6 29. Rxb7 Bf8 30. Rc7 Rxc7 31. Bxc7 Nb4 32. Rd2 Nxa2 33. Rd8 Kg7 34. Bd6 Bxd6 35. exd6 Kf6 36.
d7 Ke7 37. Ra8 1-0

[Event "Early-Titled-Tuesday-Blitz-October-10-2023"]
[Site "Chess.com"]
[Date "2023.10.10"]
[Round "4"]
[White "abc_xyz4744"]
[Black "Boxerandchessplayer"]
[Result "1-0"]
[WhiteElo "2389"]
[BlackElo "2151"]
[TimeControl "180+1"]
[EndTime "8:35:41 PDT"]
[Termination "abc_xyz4744 won by checkmate"]

1. e4 e6 2. d4 d5 3. Nc3 dxe4 4. Nxe4 Nd7 5. Nf3 Ngf6 6. Bg5 Be7 7. Bd3 O-O 8. Qe2 Rb8 9. O-O-O b6 10. h4 Bb7 11. Ne5 Nxe4 12. Bxe4 Bxg5+ 13. hxg5 Qxg5+ 14. Kb1 Nxe5 15. Bxh7+ Kh8 16. dxe5 Bxg2 17. f4 Qg3 18. Bg6+ Bxh1 19. Qh5+ Kg8 20. Qh7# 1-0

[Event "Early-Titled-Tuesday-Blitz-October-10-2023"]
[Site "Chess.com"]
[Date "2023.10.10"]
[Round "4"]
[White "AvitalBor"]
[Black "Bilan_Danila"]
[Result "1-0"]
[WhiteElo "2815"]
[BlackElo "2573"]
[TimeControl "180+1"]
[EndTime "8:35:44 PDT"]
[Termination "AvitalBor won by resignation"]

1. c4 c6 2. e4 d5 3. exd5 cxd5 4. cxd5 a6 5. Nf3 Nf6 6. Nc3 Nxd5 7. Bc4 e6 8. O-O Be7 9. d4 b5 10. Nxd5 bxc4 11. Nxe7 Qxe7 12. Qa4+ Bd7 13. Qxc4 Bb5 14. Qc8+ Qd8 15. Qxd8+ Kxd8 16. Re1 Nd7 17. Ng5 Ke7 18. d5 e5 19. b3 f5 20. f4 e4 21. g4 g6 22. Ba3+ Ke8 23. Rac1 Nf6 24. Bb2 Rf8 25. Ne6 Nxd5 26. Nxf8 Kxf8 27. gxf5 gxf5 28. Rc5 Ne7 29. Ba3 Kf7 30. Rc7 Re8 31. Kf2 Ke6 32. Rxe7+ Rxe7 33. Bxe7 Kxe7 34. Ke3 Kd6 35. Rg1 1-0

[Event "Early-Titled-Tuesday-Blitz-October-10-2023"]
[Site "Chess.com"]
[Date "2023.10.10"]
[Round "4"]
[White "BJthechessgod"]
[Black "Lion-Al-Messi"]
[Result "0-1"]
[WhiteElo "2386"]
[BlackElo "2626"]
[TimeControl "180+1"]
[EndTime "8:35:45 PDT"]
[Termination "Lion-Al-Messi won by resignation"]

1. e4 c5 2. Nf3 e6 3. d4 cxd4 4. Nxd4 a6 5. c4 Nf6 6. Nc3 Qc7 7. a3 b6 8. Be2 Bb7 9. f3 Be7 10. O-O O-O 11. Be3 d6 12. Rc1 Nbd7 13. b4 Rab8 14. Qd2 Rfc8 15. Rfd1 Ne5 16. Na4 Qd8 17. Nb3 Bc6 18.
Nc3 Qe8 19. Qd4 Ba8 20. Bf1 Nfd7 21. h3 h6 22. f4 Nc6 23. Qd2 Nf8 24. Nd4 Rd8 25.
Nxc6 Bxc6 26. Bd4 Ba8 27. Qe3 Nd7 28. Qg3 e5 29. fxe5 dxe5 30. Bxe5 Nxe5 31. Qxe5 Bc5+ 32. bxc5 Qxe5 33. Rxd8+ Rxd8 34. cxb6 Qc5+ 35. Kh1 Qxb6 36. Nd5 Bxd5 37. cxd5 Qe3 38. Bxa6 Qxc1+ 0-1

[Event "Early-Titled-Tuesday-Blitz-October-10-2023"]
[Site "Chess.com"]
[Date "2023.10.10"]
[Round "4"]
[White "OparinGrigoriy"]
[Black "DefiantChair"]
[Result "1-0"]
[WhiteElo "2996"]
[BlackElo "2606"]
[TimeControl "180+1"]
[EndTime "8:35:49 PDT"]
[Termination "OparinGrigoriy won by resignation"]

1. Nf3 d5 2. g3 Nf6 3. c4 e6 4. Bg2 dxc4 5. Qa4+ Nbd7 6. Qxc4 a6 7. Qc2 c5 8. Nc3 Bd6 9. d4 O-O 10. O-O h6 11. Rd1 Qe7 12. dxc5 Bxc5 13. Na4 Ba7 14. Nd4 Rb8 15. Bf4 e5 16. Nf5 Qe6 17.
Rd6 Qe8 18. Be3 Bxe3 19. Nxe3 b5 20. Nc3 Bb7 21. Bxb7 Rxb7 22. Rxa6 Qb8 23. Rd1 Rc8 24. Qf5 Nc5 25. Rxf6 gxf6 26. Ncd5 Rc6 27. Nxf6+ Kg7 28. Neg4 Re7 29. Qh7+ 1-0

[Event "Early-Titled-Tuesday-Blitz-October-10-2023"]
[Site "Chess.com"]
[Date "2023.10.10"]
[Round "4"]
[White "Treasurechess777"]
[Black "Doudou2015"]
[Result "1-0"]
[WhiteElo "2392"]
[BlackElo "2163"]
[TimeControl "180+1"]
[EndTime "8:35:50 PDT"]
[Termination "Treasurechess777 won by resignation"]

1. Nf3 d5 2. e3 Bg4 3. d4 e6 4. b3 c6 5. Bb2 f5 6. Be2 Bxf3 7.
gxf3 Nf6 8. Rg1 Qc7 9. f4 g6 10.
f3 Nbd7 11. Nd2 O-O-O 12. c4 Kb8 13. a3 Be7 14. Qc2 Ne8 15. O-O-O Bh4 16. Rg2 Be7 17.
b4 Nef6 18. c5 Ka8 19. a4 Rb8 20. Nb3 b6 21. b5 bxc5 22. dxc5 cxb5 23. axb5 Nxc5 24.
Nxc5 Bxc5 25. Bxf6 Bxe3+ 26. Kb1 Rxb5+ 27. Bxb5 1-0

[Event "Early-Titled-Tuesday-Blitz-October-10-2023"]
[Site "Chess.com"]
[Date "2023.10.10"]
[Round "4"]
[White "Firouzja2003"]
[Black "SlavenPastar"]
[Result "1-0"]
[WhiteElo "3078"]
[BlackElo "2567"]
[TimeControl "180+1"]
[EndTime "8:35:51 PDT"]
[Termination "Firouzja2003 won on time"]

1. d4 b6 2. e4 Bb7 3. Bd3 Nf6 4. Qe2 e6 5. Nf3 d5 6. e5 Ne4 7. Nbd2 Nxd2 8. Bxd2 Be7 9. h4 c5 10. c3 a5 11. h5 Ba6 12. Bxa6 Nxa6 13. h6 g6 14. Rh3 cxd4 15. cxd4 Nb4 16. Kf1 Qd7 17. a3 Qa4 18. Rc1 Na2 19. Re1 b5 20. Bg5 b4 21. Bxe7 Kxe7 22.
Ng5 Rhc8 23. Rf3 Rf8 24. Nxh7 Rh8 25. Ng5 Rxh6 26. Rxf7+ Ke8 27. Kg1 Rc8 28. Qf3 Rh8 29.
Re7+ Kd8 30. Qf6 1-0

[Event "Early-Titled-Tuesday-Blitz-October-10-2023"]
[Site "Chess.com"]
[Date "2023.10.10"]
[Round "4"]
[White "Khuslen2008"]
[Black "F-Ghaith2021"]
[Result "0-1"]
[WhiteElo "2310"]
[BlackElo "2510"]
[TimeControl "180+1"]
[EndTime "8:36:01 PDT"]
[Termination "F-Ghaith2021 won on time"]

1. d4 Nf6 2. c4 e6 3. Nc3 d5 4.
cxd5 exd5 5. Bg5 c6 6. e3 Be7 7. Bd3 Nbd7 8. Qc2 Nh5 9. Bxe7 Qxe7 10. Nf3 g6 11. O-O-O f5 12. Kb1 Nb6 13. h3 Bd7 14. Ne5 O-O-O 15. g4 fxg4 16. hxg4 Nf6 17. f3 Kb8 18. Na4 Nxa4 19. Qxa4 c5 20. Nxd7+ Nxd7 21. dxc5 Nxc5 22. Qf4+ Ka8 23. Bc2 Rhf8 24. Qg3 Qxe3 25.
Rxh7 d4 26. Qc7 d3 27. Bb3 Rc8 28. Qg7 Qxf3 29. Rd2 Nxb3 30. axb3 Rf6 0-1

[Event "Early-Titled-Tuesday-Blitz-October-10-2023"]
[Site "Chess.com"]
[Date "2023.10.10"]
[Round "4"]
[White "Better_Chess_Faster"]
[Black "marvelavengers4"]
[Result "0-1"]
[WhiteElo "2054"]
[BlackElo "2290"]
[TimeControl "180+1"]
[EndTime "8:36:01 PDT"]
[Termination "marvelavengers4 won by resignation"]

1. e4 c5 2. Nf3 d6 3. d4 cxd4 4. Nxd4 Nf6 5. Nc3 a6 6. Bg5 e6 7. f4 Be7 8. Qf3 Qc7 9. O-O-O Nbd7 10. g4 h6 11. Bxf6 Nxf6 12. h4 Rb8 13. Bd3 b5 14. g5 Nd7 15. g6 Nf6 16. gxf7+ Kxf7 17. e5 dxe5 18. fxe5 Qxe5 19. Rhe1 Qh5 20. Qg2 Qxh4 21. Bg6+ Kf8 22. Nxe6+ Bxe6 23. Rxe6 Qg5+ 24. Qxg5 hxg5 25. Rxa6 g4 26. Rg1 Bc5 27. Rxf6+ gxf6 28. Rxg4 Rh1+ 29.
Kd2 Rd8+ 30. Ke2 Rh2+ 31. Ke1 Rdd2 32. Bd3 Be3 33. Ne2 Rh1+ 34. Ng1 Rdh2 35. Be4 Rxg1+ 36. Rxg1 Bxg1 0-1

[Event "Early-Titled-Tuesday-Blitz-October-10-2023"]
[Site "Chess.com"]
[Date "2023.10.10"]
[Round "4"]
[White "Josgar05"]
[Black "Sunny_Star"]
[Result "1-0"]
[WhiteElo "2238"]
[BlackElo "2078"]
[TimeControl "180+1"]
[EndTime "8:36:04 PDT"]
[Termination "Josgar05 won on time"]

1. Nf3 Nf6 2. g3 e6 3. Bg2 d5 4.
O-O Bd6 5. b3 c5 6. Bb2 Nc6 7.
d3 e5 8. e4 O-O 9. Nbd2 Bc7 10. Qe2 Re8 11. Rfe1 Bg4 12. Qf1 Nb4 13. Rec1 dxe4 14.
Nxe4 b6 15. h3 Bd7 16. Qe2 Rc8 17. Re1 Nc6 18. a4 Nd4 19. Nxd4 cxd4 20. Ba3 Nd5 21. Qd2 f5 22. Nd6 Bxd6 23. Bxd5+ Be6 24. Bxe6+ Rxe6 25. Bxd6 Qxd6 26. a5 b5 27. Re2 Rc3 28. Qg5 g6 29. h4 1-0

[Event "Early-Titled-Tuesday-Blitz-October-10-2023"]
[Site "Chess.com"]
[Date "2023.10.10"]
[Round "4"]
[White "aqibjbutt"]
[Black "Mr_ruthless"]
[Result "0-1"]
[WhiteElo "1973"]
[BlackElo "2457"]
[TimeControl "180+1"]
[EndTime "8:36:05 PDT"]
[Termination "Mr_ruthless won by resignation"]

1. d4 d5 2. Nf3 Nf6 3. g3 Bf5 4. Bg2 e6 5. O-O c6 6. c3 Nbd7 7. Bf4 h6 8. Ne5 Nh5 9. Nxd7 Qxd7 10. Bc1 Bd6 11. e4 Bg6 12. e5 Be7 13. g4 Nf6 14. exf6 gxf6 15. Bf4 h5 16. gxh5 Bxh5 17. Qe1 O-O-O 18.
Nd2 Bd6 19. Bg3 Rdg8 20. f4 Bg4 21. Nf3 Qc7 22. Qe3 Bf5 23. Kf2 Be4 24. Nh4 Rxh4 25. Bxe4 Bxf4 26. Bxf4 Rxf4+ 27. Bf3 Rh4 28. Rg1 Qxh2+ 29.
Rg2 Rxg2+ 30. Bxg2 Rf4+ 31. Ke1 Rg4 32. Bf1 Re4 33. Qxe4 dxe4 34. Be2 e3 0-1

[Event "Early-Titled-Tuesday-Blitz-October-10-2023"]
[Site "Chess.com"]
[Date "2023.10.10"]
[Round "4"]
[White "Drags95"]
[Black "zimmm36"]
[Result "1-0"]
[WhiteElo "2885"]
[BlackElo "2680"]
[TimeControl "180+1"]
[EndTime "8:36:09 PDT"]
[Termination "Drags95 won by resignation"]

1. d4 d5 2. c4 e6 3. Nc3 Nf6 4.
cxd5 Nxd5 5. e4 Nxc3 6. bxc3 c5 7. Rb1 Be7 8. h4 b6 9. h5 h6 10. Nf3 O-O 11. Rh3 Bb7 12. Bd3 cxd4 13. Rg3 Kh8 14. cxd4 Nd7 15. Qd2 Rc8 16. Bb2 Nf6 17. d5 exd5 18.
e5 Ne4 19. Qf4 Nxg3 20. fxg3 d4 21. Qf5 g6 22. hxg6 Bb4+ 23. Kf2 Rg8 24. gxf7 Rg7 25. Rh1 1-0

[Event "Early-Titled-Tuesday-Blitz-October-10-2023"]
[Site "Chess.com"]
[Date "2023.10.10"]
[Round "4"]
[White "WindWhistler11"]
[Black "cukin84"]
[Result "1-0"]
[WhiteElo "2463"]
[BlackElo "2204"]
[TimeControl "180+1"]
[EndTime "8:36:10 PDT"]
[Termination "WindWhistler11 won by checkmate"]

1. c4 f5 2. Nc3 Nf6 3. e3 g6 4. h3 Bg7 5. g4 fxg4 6. hxg4 e5 7.
g5 Ng4 8. Qxg4 d5 9. Qg3 d4 10. Ne4 Nc6 11. a3 Bf5 12. Bg2 dxe3 13. dxe3 Qd3 14.
Nd2 O-O-O 15. e4 Qxg3 16. fxg3 Bg4 17. Bf3 Be6 18. Ne2 Rdf8 19. Bg2 Bg4 20. Bh3 Bxh3 21.
Rxh3 h5 22. Nf1 Rf3 23. Rh1 Rhf8 24. Bd2 Rf2 25. Be3 R2f7 26. O-O-O Na5 27. Bc5 Nb3+ 28. Kb1 Nxc5 29. Nc3 Rd7 30. Ne3 Rd3 31. Ned5 Rf2 32. Rxd3 Nxd3 33. Rd1 Nxb2 34. Ne7+ Kb8 35. Rd8# 1-0

[Event "Early-Titled-Tuesday-Blitz-October-10-2023"]
[Site "Chess.com"]
[Date "2023.10.10"]
[Round "4"]
[White "KamlaPasand"]
[Black "forevery0ung"]
[Result "0-1"]
[WhiteElo "2473"]
[BlackElo "2684"]
[TimeControl "180+1"]
[EndTime "8:36:11 PDT"]
[Termination "forevery0ung won by resignation"]

1. e4 c6 2. d4 d5 3. Nc3 dxe4 4. Nxe4 Nf6 5. Nxf6+ gxf6 6. c3 Bf5 7. Bd3 Qd5 8. Bxf5 Qxf5 9. Ne2 Nd7 10. Ng3 Qg6 11.
Be3 O-O-O 12. Qa4 a6 13. Qa5 e6 14. b4 Bd6 15. Qa4 f5 16. Ne2 Nb6 17. Qb3 Qxg2 18.
O-O-O Qf3 19. Rhe1 f4 20. Bd2 Qxf2 21. c4 f3 22. Nc3 Bc7 23. Be3 Qxh2 24. b5 f2 25. Re2 Bf4 26. Ne4 f1=Q 27. Rxh2 Qxc4+ 28. Qxc4 Bxe3+ 29. Nd2 Nxc4 0-1

[Event "Early-Titled-Tuesday-Blitz-October-10-2023"]
[Site "Chess.com"]
[Date "2023.10.10"]
[Round "4"]
[White "SaqoChess_Twitch"]
[Black "salomez"]
[Result "1-0"]
[WhiteElo "2623"]
[BlackElo "2317"]
[TimeControl "180+1"]
[EndTime "8:36:13 PDT"]
[Termination "SaqoChess_Twitch won on time"]

1. d4 Nf6 2. c4 g6 3. Nc3 Bg7 4. h3 d6 5. Bg5 O-O 6. e4 c5 7. d5 e6 8. Nf3 h6 9. Bh4 exd5 10.
exd5 Re8+ 11. Be2 Bf5 12. O-O a6 13. a4 Nbd7 14. Bd3 Bxd3 15. Qxd3 Ne5 16. Nxe5 Rxe5 17. Rfe1 Qe7 18. f4 Rxe1+ 19. Rxe1 Qd7 20. f5 g5 21. Bf2 Re8 22. g4 Rxe1+ 23. Bxe1 h5 24. Qe2 hxg4 25. hxg4 Qe8 26. Qxe8+ Nxe8 27. Ne4 Bxb2 28.
Nxg5 Nf6 29. Bg3 Be5 30. Bxe5 dxe5 31. d6 Nd7 32. Ne4 f6 33. a5 Kf7 34. Kf2 b6 35. axb6 Nxb6 36. Nxc5 Nxc4 37. d7 Ke7 38. g5 fxg5 39. f6+ Kd8 40. f7 1-0

[Event "Early-Titled-Tuesday-Blitz-October-10-2023"]
[Site "Chess.com"]
[Date "2023.10.10"]
[Round "4"]
[White "Witty_Alien"]
[Black "ElDivis"]
[Result "1-0"]
[WhiteElo "2241"]
[BlackElo "2469"]
[TimeControl "180+1"]
[EndTime "8:36:14 PDT"]
[Termination "Witty_Alien won by resignation"]

1. e4 c5 2. Nf3 d6 3. d4 cxd4 4. Nxd4 Nf6 5. Nc3 g6 6. Bc4 Bg7 7. Bb3 O-O 8. O-O Nc6 9. h3 Nxd4 10. Qxd4 Bd7 11. Bg5 Bc6 12. Qe3 Rc8 13. Rad1 Qa5 14. f4 Rfe8 15. f5 Qc5 16. Qxc5 dxc5 17. e5 c4 18. Bxc4 Be4 19. exf6 exf6 20. Bb5 fxg5 21. Bxe8 Bxc3 22. Bd7 1-0

[Event "Early-Titled-Tuesday-Blitz-October-10-2023"]
[Site "Chess.com"]
[Date "2023.10.10"]
[Round "4"]
[White "kreonx"]
[Black "lrestevez"]
[Result "1-0"]
[WhiteElo "2454"]
[BlackElo "2195"]
[TimeControl "180+1"]
[EndTime "8:36:15 PDT"]
[Termination "kreonx won on time"]

1. e4 e5 2. Nf3 Nc6 3. d4 exd4 4. Nxd4 Bc5 5. Nxc6 Qf6 6. Qf3 dxc6 7. Bc4 Qxf3 8.
gxf3 Ne7 9. Rg1 g6 10. Nd2 a5 11. Nb3 Bb4+ 12. c3 Bd6 13. f4 a4 14. Nd4 Bc5 15. Be3 Bb6 16. O-O-O f5 17. e5 Nd5 18. Bxd5 cxd5 19.
Nb5 Bd7 20. Rxd5 Bxe3+ 21. fxe3 Bxb5 22. Rxb5 O-O-O 23. Rd1 Rxd1+ 24. Kxd1 Rd8+ 25. Ke2 Re8 26. Ra5 1-0

[Event "Early-Titled-Tuesday-Blitz-October-10-2023"]
[Site "Chess.com"]
[Date "2023.10.10"]
[Round "4"]
[White "mr_gustavo"]
[Black "colegiodemadrid"]
[Result "1-0"]
[WhiteElo "2627"]
[BlackElo "2384"]
[TimeControl "180+1"]
[EndTime "8:36:16 PDT"]
[Termination "mr_gustavo won by resignation"]

1. b3 e5 2. Bb2 Nc6 3. e3 Nf6 4.
Bb5 d6 5. Nf3 Bd7 6. O-O g6 7. d4 exd4 8. Nxd4 Bg7 9. Nxc6 bxc6 10.
Bd3 O-O 11. Nd2 d5 12. Nf3 Re8 13. c4 Bg4 14. h3 Be6 15. Rc1 Qe7 16. Ne5 Qc5 17.
cxd5 Qxd5 18. Nxc6 Qg5 19. f4 Qg3 20. Qf3 Qxf3 21. gxf3 Bxh3 22. Rfe1 a5 23. Bb5 Re6 24. Nd4 Rb6 25. a4 Nd5 26. Bc6 Rd8 27. Bxd5 Rxd5 28.
Rxc7 h5 29. Rec1 h4 30. Kh2 Bf5 31. e4 Rxd4 32. Bxd4 Bxd4 33. exf5 Rxb3 34. fxg6 Rb2+ 35. Kh3 Bf2 36. Rxf7 1-0

[Event "Early-Titled-Tuesday-Blitz-October-10-2023"]
[Site "Chess.com"]
[Date "2023.10.10"]
[Round "4"]
[White "JiiHart"]
[Black "Aleksandar-Topalov"]
[Result "0-1"]
[WhiteElo "2177"]
[BlackElo "2392"]
[TimeControl "180+1"]
[EndTime "8:36:17 PDT"]
[Termination "Aleksandar-Topalov won by checkmate"]

1. e4 e6 2. d4 d5 3. Nd2 Nf6 4. e5 Ng8 5. Bd3 Ne7 6. c3 Qd7 7. g4 b6 8. Qe2 a5 9. h4 h5 10. g5 g6 11. Nh3 Ba6 12. Nf4 Bxd3 13. Qxd3 Nf5 14. Nf1 Nc6 15. Ne3 Nce7 16. Bd2 c5 17.
Nxf5 Nxf5 18. a4 Be7 19. Kf1 O-O 20. Kg2 Rfc8 21. Be3 cxd4 22. Bxd4 Bc5 23. b3 Bxd4 24. cxd4 Rc7 25. Rh3 Rac8 26. Rd1 Rc2 27. Rd2 Rc1 28.
Rd1 R1c7 29. Rd2 Qe7 30. Qe2 Qb4 31. Rdd3 Nxd4 32. Qd1 Nf5 33. Nxh5 gxh5 34. Qxh5 Qe4+ 35. Kh2 Rc2 36. g6 Rxf2+ 37. Kg1 Qg2# 0-1

[Event "Early-Titled-Tuesday-Blitz-October-10-2023"]
[Site "Chess.com"]
[Date "2023.10.10"]
[Round "4"]
[White "Henryk_S"]
[Black "queen_iryna"]
[Result "0-1"]
[WhiteElo "2138"]
[BlackElo "2345"]
[TimeControl "180+1"]
[EndTime "8:36:20 PDT"]
[Termination "queen_iryna won on time"]

1. b4 d6 2. Bb2 e5 3. e3 Nf6 4. c4 g6 5. Nc3 Bg7 6. Nf3 O-O 7. d4 Nc6 8. dxe5 Nxe5 9. Nxe5 dxe5 10. Qxd8 Rxd8 11. Nb5 Ne8 12. Be2 Bd7 13. Bf3 c6 14. Nc3 a5 15. a3 Nc7 16. O-O Be6 17.
c5 Rd2 18. Na4 Rad8 19. Rfd1 e4 20. Rxd2 Rxd2 21. Rd1 Rxd1+ 22. Bxd1 axb4 23. Bxg7 Kxg7 24. axb4 Nd5 25. Bb3 Nxb4 26. Bxe6 fxe6 27. Kf1 Nd3 28. Ke2 Kf6 29. f4 e5 30. Nc3 Nxc5 31. g4 exf4 32.
exf4 b5 33. Ke3 b4 34. Nxe4+ Nxe4 35. Kxe4 c5 36. Kd3 Ke6 37. Kc4 Kd6 0-1

[Event "Early-Titled-Tuesday-Blitz-October-10-2023"]
[Site "Chess.com"]
[Date "2023.10.10"]
[Round "4"]
[White "Sunnika"]
[Black "Cheer_Down"]
[Result "0-1"]
[WhiteElo "2268"]
[BlackElo "2500"]
[TimeControl "180+1"]
[EndTime "8:36:23 PDT"]
[Termination "Cheer_Down won by resignation"]

1. d4 Nf6 2. c4 g6 3. Nc3 d5 4.
cxd5 Nxd5 5. Bd2 c5 6. dxc5 Bg7 7.
Qb3 Be6 8. Qxb7 Nxc3 9. Bxc3 Bxc3+ 10. bxc3 Nd7 11. c6 Nb6 12. Rd1 Qc8 13. e4 O-O 14. Ba6 Qb8 15. c7 Qe8 16. Nf3 Bc8 17. Rd8 Bxb7 18.
Rxe8 Bxa6 19. Rxf8+ Kxf8 20. Kd2 Rc8 21. Nd4 Rxc7 22.
Rb1 e5 23. Nc2 Rd7+ 24. Ke1 Bd3 0-1

[Event "Early-Titled-Tuesday-Blitz-October-10-2023"]
[Site "Chess.com"]
[Date "2023.10.10"]
[Round "4"]
[White "NowInChess"]
[Black "stepanosinovsky"]
[Result "1-0"]
[WhiteElo "2219"]
[BlackElo "2395"]
[TimeControl "180+1"]
[EndTime "8:36:23 PDT"]
[Termination "NowInChess won by checkmate"]

1. e4 e5 2. Nf3 Nc6 3. d4 exd4 4.
Bc4 Nf6 5. e5 d5 6. Bb5 Ne4 7.
Nxd4 Bd7 8. Bxc6 bxc6 9. O-O Bc5 10. Be3 O-O 11. f3 Ng5 12. f4 Ne6 13. f5 Nxd4 14. Bxd4 Bxd4+ 15. Qxd4 Qg5 16. f6 Rfe8 17. fxg7 Qxe5 18.
Qf2 Be6 19. Nc3 Rab8 20. Rae1 Qxg7 21. Re3 Kh8 22. Rg3 Qh6 23. Qd4+ f6 24. Rxf6 c5 25.
Rf8# 1-0

[Event "Early-Titled-Tuesday-Blitz-October-10-2023"]
[Site "Chess.com"]
[Date "2023.10.10"]
[Round "4"]
[White "BardArtem"]
[Black "Russian_berezka"]
[Result "1-0"]
[WhiteElo "2841"]
[BlackElo "2652"]
[TimeControl "180+1"]
[EndTime "8:36:25 PDT"]
[Termination "BardArtem won by resignation"]

1. e4 e5 2. d4 exd4 3. Qxd4 Nc6 4. Qd3 Nf6 5. Nc3 Bb4 6. Bd2 O-O 7. Nge2 d6 8. O-O-O Re8 9. Bg5 Ne5 10. Qg3 c6 11. f4 Ng6 12. h4 h6 13. h5 Nxh5 14. Rxh5 hxg5 15. f5 Nf4 16. Nxf4 gxf4 17. Qh2 Kf8 18. e5 Bxc3 19. exd6 Bxb2+ 20. Kxb2 Qb6+ 21. Ka1 f6 22. Rh8+ Kf7 23. Qh5+ 1-0

[Event "Early-Titled-Tuesday-Blitz-October-10-2023"]
[Site "Chess.com"]
[Date "2023.10.10"]
[Round "4"]
[White "nihalsarin"]
[Black "marcodobrikov"]
[Result "1-0"]
[WhiteElo "3129"]
[BlackElo "2768"]
[TimeControl "180+1"]
[EndTime "8:36:26 PDT"]
[Termination "nihalsarin won by resignation"]

1. e3 d5 2. g3 e5 3. g4 h5 4.
gxh5 Nf6 5. Bg2 Rxh5 6. Nc3 c6 7. Nce2 Be6 8. Ng3 Rh8 9. Nf3 Nbd7 10. Ng5 Qe7 11.
Nxe6 Qxe6 12. d3 O-O-O 13. Bd2 g6 14. Qe2 Bd6 15. O-O-O Kb8 16. h4 Ka8 17. h5 gxh5 18. Nxh5 Nxh5 19. Rxh5 Nf6 20. Rxh8 Rxh8 21. Rh1 Rxh1+ 22.
Bxh1 Qh3 23. Qe1 Ng4 24. Qg1 Nxf2 25. Bxd5 Nxd3+ 26. cxd3 cxd5 27. Qg8+ Bb8 28. Qxf7 Qg2 29. Kc2 a6 30. Qe6 d4 31. e4 Qg7 32. b4 Qc7+ 33. Kb3 Ka7 34. a4 Ka8 35. b5 axb5 36. axb5 b6 37. Qc6+ Qxc6 38. bxc6 Bd6 39. Kc4 Kb8 40. Kd5 Kc7 41. Be1 Bf8 42. Bg3 Bg7 43. Bxe5+ Bxe5 44. Kxe5 Kxc6 45. Kxd4 Kb5 46. e5 Kc6 47. Kc4 b5+ 48. Kb4 Kd5 49. d4 Ke6 50.
Kxb5 Kd5 51. Kb6 Kxd4 52. e6 Kd5 53. e7 Kd6 54. e8=Q 1-0